 Dungeon Crawl Stone Soup version 0.27-a0-1500-g450c7e4133 (webtiles) character file.

Game seed: 16137333172587185303

98 dickylongcocking the Skirmisher (level 5, 0/40 HPs)
             Began as a Djinni Fire Elementalist on July 8, 2021.
             Slain by a bullfrog (1 damage)
             ... on level 3 of the Dungeon.
             The game lasted 00:03:46 (4544 turns).

dickylongcocking the Skirmisher (DjFE)              Turns: 4544, Time: 00:03:46

Health: 0/40       AC:  3    Str:  4 (7)  XL:     5   Next: 0%
Gold:   117        EV: 12    Int: 21 (24) God:
                   SH:  0    Dex: 11 (13)

rFire    + + .     SeeInvis .   d - +1 dagger (protect)
rCold    x . .     Faith    .   (no shield)
rNeg     . . .     Spirit   .   a - +0 robe
rPois    ∞         Reflect  .   m - +0 helmet
rElec    .         Harm     .   (no cloak)
rCorr    .         Rampage  .   (no gloves)
Will     +....                  (boots unavailable)
Stlth    ++........             (no amulet)
HPRegen  0.13/turn              b - ring of willpower
MPRegen  0.00/turn              n - +6 ring of intelligence

@: flying, very slightly contaminated
A: sickness immunity, fire resistance 2, cold vulnerability 1, float, innate
caster, hp casting, extra vitality 1
a: no special abilities


You were on level 3 of the Dungeon.
You visited 1 branch of the dungeon, and saw 3 of its levels.

You collected 117 gold pieces.

Inventory:

Hand Weapons
 d - a +1 dagger of protection (weapon)
Missiles
 h - a throwing net
 t - 2 curare-tipped darts
Armour
 a - a +0 robe (worn)
 m - a +0 helmet (worn)
Jewellery
 b - a ring of willpower (left hand)
 n - a +6 ring of intelligence (right hand)
Wands
 l - a wand of iceblast (8)
 u - a wand of paralysis (5)
Scrolls
 f - a scroll of acquirement {unknown}
 g - a scroll of vulnerability {unknown}
 j - a scroll of identify {unknown}
 k - a scroll of holy word {unknown}
 q - 2 scrolls of teleportation {unknown}
 s - a scroll of blinking {unknown}
Potions
 c - a potion of brilliance
 i - a potion of curing {unknown}
 p - a potion of magic {unknown}


   Skills:
 - Level 3.3 Fighting
 - Level 2.3 Dodging
 - Level 1.7 Stealth
 * Level 2.9 Spellcasting


You couldn't memorise any spells.
You knew the following spells:

 Your Spells              Type           Power      Damage    Failure   Level
a - Foxfire               Conj/Fire      60%        2x1d7     4%          1
b - Conjure Flame         Conj/Fire      15%        6-21      12%         3
c - Inner Flame           Hex/Fire       15%        N/A       12%         3
d - Sticky Flame          Conj/Fire      15%        2d4       36%         4
e - Fireball              Conj/Fire      7%         3d5       73%         5
f - Corona                Hex            16%        N/A       4%          1
g - Searing Ray           Conj           30%        3d4       6%          2
Your spell library was empty.

Dungeon Overview and Level Annotations

Branches:
Dungeon (3/15)

Altars:
Kikubaaqudgha
Zin

Annotations:
D:3 1 runed translucent door, CowFu's ghost, amateur DrTm


Innate Abilities, Weirdness & Mutations

You are immune to sickness and miasma.
You are immune to poison.
Your flesh is very heat resistant. (rF++)
You are vulnerable to cold. (rC-)
You float through the air rather than walking.
You learn spells naturally, not from books.
Your magical power is your life essence.
You have superior vitality. (+4 HP)


Message History

The bullfrog is filled with an inner flame.
The bullfrog barely misses you. The bullfrog hits you.
Unknown command.
Unknown command.
Unknown command.
It was a potion of brilliance.
You feel clever all of a sudden. The bullfrog hits you.
It was a potion of cancellation.
Your magical effects are unravelling.
You feel magically purged.
You feel a little less clever now. The bullfrog misses you.
The bullfrog hits you.
* * * LOW HITPOINT WARNING * * *
Unknown command.
Unknown command.
It was a potion of heal wounds.
You feel much better. The bullfrog hits you!
Casting: Inner Flame (dangerous; 10% risk of failure)
Confirm with . or Enter, or press ? or * to list all spells.
The spell is extremely dangerous to cast (32% risk of failure)!
Continue anyway?
Aiming: Sticky Flame (extremely dangerous; 32% risk of failure)
Press: ? - help, Shift-Dir - straight line, f/p - bullfrog
Aim: a bullfrog (inner flame, 100% to hit)
You miscast Sticky Flame.
You are very lightly contaminated with residual magic.
You feel uncomfortably hot. You resist. The bullfrog hits you!
* * * LOW HITPOINT WARNING * * *
The bullfrog hits you.
* * * LOW HITPOINT WARNING * * *
Unknown command.
Unknown command.
Unknown command.
Unknown command.
Unknown command.
Unknown command.
It was a potion of degeneration.
There was something very wrong with that liquid.
You feel weakened.
You feel dopey.
You feel clumsy. The bullfrog hits you.
You die...

#......# #......# #......#
#......#### ###(##....## ###
#.#####..## #.# #.# ##..#####.#
### ############(.B##..# ##..
.#≈≈≈≈≈≈≈≈≈#..WF@.## ##.>#
.+W≈≈≈)≈≈≈≈'..w#### ##..##
.#FB≈≈≈≈≈≈≈#.#....### ###..###
#################...######.......
####..##>##.### ###.............#
......##......####.........#####.
####..##..............<.##(......
#...#...........##..###.####..
##..#..........###..# #..####.


You could see a bullfrog (inner flame), a worm, CowFu's ghost and a giant
cockroach.

Vanquished Creatures
  A howler monkey skeleton (D:3)
  2 adders (D:2)
  A worm (D:2)
  2 dart slugs (D:2)
  6 bats
  2 endoplasms (D:3)
  2 giant cockroaches (D:2)
  6 goblins
  5 hobgoblins
  6 jackals
  5 kobolds
  3 quokkas
  6 ball pythons
  2 frilled lizards (D:1)
  9 rats
58 creatures vanquished.

Vanquished Creatures (collateral kills)
  2 foxfires (D:1)
2 creatures vanquished.

Vanquished Creatures (others)
  184 foxfires
  A fungus (D:2)
  10 plants
195 creatures vanquished.

Grand Total: 255 creatures vanquished

Notes
Turn   | Place    | Note
-------+----------+-------------------------------------------
     0 | D:1      | dickylongcocking the Djinni Fire Elementalist began the
                  | quest for the Orb.
     0 | D:1      | Reached XP level 1. HP: 15/15 MP: 0/0
   578 | D:1      | Reached XP level 2. HP: 19/21 MP: 0/0
  1041 | D:1      | Reached skill level 1 in Fighting
  1464 | D:1      | Reached XP level 3. HP: 23/27 MP: 0/0
  1464 | D:1      | Learned a level 1 spell: Corona
  1941 | D:2      | Reached skill level 2 in Fighting
  2311 | D:2      | Reached XP level 4. HP: 12/34 MP: 0/0
  2649 | D:2      | Found a glowing silver altar of Zin.
  3033 | D:2      | Reached skill level 3 in Fighting
  3612 | D:2      | Found a faded altar of an unknown god.
  3801 | D:3      | Found a runed translucent door.
  3802 | D:3      | Noticed CowFu's ghost (amateur DrTm)
  4359 | D:3      | Reached XP level 5. HP: 39/40 MP: 0/0
  4359 | D:3      | Learned a level 2 spell: Searing Ray
  4420 | D:3      | Found a runed translucent door.
  4421 | D:3      | Noticed a bullfrog
  4543 | D:3      | HP: 1/40 [bullfrog (6)]
  4544 | D:3      | Slain by a bullfrog

Illustrated notes

Levels and vault maps discovered:
D:1:      eino_arrival_druids_welcome, layout_loops_cross, minmay_misc_feat_rows
D:2:      layout_loops_corners, basic_altar,
          shapermc_ecumenical_altar_mp_ritualfount
D:3:      layout_rooms, mainiacjoe_overflow_cross_hatched, ebering_ghost_sewer_f

Skill      XL: |  1  2  3  4 |
---------------+-------------+-----
Fighting       | 1 2 3 |  3.3
Dodging        | |  2.3
Stealth        | |  1.7
Spellcasting   | |  2.9

Action                   |  1- 3 |  4- 6 || total
-------------------------+-------+-------++-------
Melee: Dagger            |    45 |    52 ||    97
 Cast: Foxfire           |    71 |    41 ||   112
       Inner Flame       |     2 |     3 ||     5
       Sticky Flame      |       |     3 ||     3
  Use: Potion            |       |     4 ||     4
 Stab: Sleeping          |     2 |     1 ||     3
Armor: Robe              |    17 |    40 ||    57
Dodge: Dodged            |    51 |    77 ||   128

Table legend: (Time is in decaauts)
 A = Elapsed time spent in this place.
 B = Non-inter-level travel time spent in this place.
 C = Inter-level travel time spent in this place.
 D = Time resting spent in this place.
 E = Time spent auto-exploring this place.
 F = Levels seen in this place.
 G = Mean time per level.
                   A        B        C        D        E       F      G
               +--------+--------+--------+--------+--------+-----+--------+
         Total |   4543 |   4494 |     49 |    841 |   3064 |   3 | 1514.3 |
       Dungeon |   4543 |   4494 |     49 |    841 |   3064 |   3 | 1514.3 |
               +--------+--------+--------+--------+--------+-----+--------+

Top non-repeatable levels by time:
     D:2: 2116 daAuts
     D:1: 1821 daAuts
     D:3: 605 daAuts
